AoeStats
← aassdd518

Arena

506589823Analyzed
1v1 RM · 18d ago on Sep 14, 2026· 50m 31s· 2 players
Game mode
Random Map
Map size
Tiny (2 player)
Population
200
Speed
Normal
Resources
Standard
Victory
Conquest
Starting age
Dark Age
Ending age
Imperial Age
RankedLock teamsTeams togetherTeam positionsShared explorationLock speedFull tech treeHidden civsTurbo modeCheats
Victory
Defeat
🇩🇰 Poles · Denmark
523
+15
🇹🇼 Turks · Taiwan
493
-15
aassdd518
11:24 Feudal Age
11:50 Double-Bit Axe
13:51 Horse Collar
19:29 Castle Age
21:41 Bow Saw
24:32 Heavy Plow
27:15 Wheelbarrow
32:39 Imperial Age
35:03 Arrowslits
35:15 Murder Holes
34:50 Elite Janissary
36:40 Sipahi
38:27 Bloodlines
38:19 Husbandry
40:16 Bombard Tower
39:52 Murder Holes
42:09 Masonry
42:43 Artillery
47:50 Scale Barding Armor
BadgerBuccaneer
0:41 Loom
10:47 Feudal Age
11:08 Horse Collar
11:16 Double-Bit Axe
15:05 Wheelbarrow
15:54 Forging
23:29 Castle Age
21:37 Gold Mining
21:39 Stone Mining
22:43 Bloodlines
22:44 Scale Barding Armor
24:34 Heavy Plow
24:47 Bow Saw
25:09 Husbandry
24:36 Light Cavalry
25:55 Fervor
26:41 Iron Casting
27:57 Chain Barding Armor
27:32 Treadmill Crane
35:16 Imperial Age
34:00 Redemption
33:50 Town Watch
36:28 Ballistics
37:15 Chemistry
35:52 Winged Hussar
36:59 Conscription
37:03 Fortified Wall
38:42 Blast Furnace
39:37 Murder Holes
40:32 Crop Rotation
41:58 Lechitic Legacy
43:37 Hand Cart
43:24 Town Patrol
44:48 Fletching
44:59 Padded Archer Armor
49:04 Siege Engineers
Connection lost

Rejoining the realm…

Still unreachable

The connection could not be restored.

Session expired

The server has moved on; the page needs a fresh start.